Map: Frozen Temple

Players

Gracz

  • Race: Protoss Protoss
  • League: Silver

DarkDevilX - Winner!

  • Race: Protoss Protoss
  • League: Silver

VOD

Have the link to the VOD?

Description

Time

  • Played on: Oct. 19, 2016, 12:03 p.m.
  • Length: 8:07
Show
View Real Time Build Order
Export as new Build Order

Gracz Protoss 

Build Orders: 1 Gate Expand 

Get SALT Encoding   

  12  0:01  Probe (Chrono Boost)  
  13  0:20  Pylon  
  13  0:27  Probe (Chrono Boost)  
  14  0:37  Probe (Chrono Boost)  
  15  0:55  Gateway  
  15  1:09  Unknown, Nexus  
  15  1:14  Probe (Chrono Boost)  
  16  1:20  Assimilator  
  17  1:40  Probe (Chrono Boost)  
  17  1:50  Probe (Chrono Boost)  
  18  2:01  Probe (Chrono Boost)  
  19  2:05  Cybernetics Core  
  19  2:10  Gateway  
  19  2:11  Probe (Chrono Boost)  
  20  2:19  Pylon  
  20  2:21  Unknown  
  20  2:22  Probe (Chrono Boost)  
  21  2:23  Probe (Chrono Boost)  
  22  2:32  Probe (Chrono Boost)  
  22  2:34  Probe (Chrono Boost)  
  22  2:36  Warp Gate  
  24  2:37  Assimilator  
  24  2:43  Probe (Chrono Boost)  
  25  2:47  Probe (Chrono Boost)  
  26  2:52  Pylon  
  26  2:53  Probe (Chrono Boost)  
  26  2:56  Stalker  
  28  2:59  Probe (Chrono Boost)  
  28  3:04  Probe (Chrono Boost)  
  31  3:11  Probe (Chrono Boost)  
  32  3:14  Probe (Chrono Boost)  
  33  3:23  Probe (Chrono Boost)  
  33  3:25  Probe (Chrono Boost)  
  33  3:26  Gateway  
  35  3:28  Gateway  
  36  3:34  Gateway  
  36  3:35  Probe (Chrono Boost)  
  36  3:36  Probe (Chrono Boost)  
  37  3:43  Gateway  
  37  3:47  Probe (Chrono Boost)  
  39  3:49  Probe (Chrono Boost)  
  39  3:58  Assimilator, Probe (Chrono Boost)  
  39  4:01  Assimilator  
  42  4:03  Mothership Core (Chrono Boost)  
  42  4:05  Pylon  
  42  4:08  Probe (Chrono Boost)  
  43  4:19  Probe (Chrono Boost)  
  43  4:20  Robotics Facility  
  43  4:23  Probe (Chrono Boost)  
  45  4:26  Robotics Facility  
  45  4:29  Probe (Chrono Boost)  
  46  4:33  Robotics Facility  
  46  4:35  Probe (Chrono Boost)  
  47  5:01  Unknown, Nexus  
  47  5:03  Stalker  
  47  5:05  Pylon  
  49  5:07  Pylon  
  49  5:10  Pylon  
  49  5:15  Twilight Council  
  49  5:23  Forge  
  49  5:28  Pylon  
  49  5:31  Pylon  
  49  5:41  Robotics Facility, Blink  
  49  5:42  Robotics Facility  
  49  5:51  Gateway  
  49  5:53  Protoss Ground Weapons Level 1  
  49  6:01  Forge  
  49  6:07  Robotics Bay  
  49  6:11  Probe x2 (Chrono Boost)  
  51  6:12  Unknown  
  51  6:13  Immortal  
  55  6:23  Probe x2 (Chrono Boost)  
  57  6:32  Stalker, Probe (Chrono Boost)  
  58  6:33  Stalker  
  58  6:35  Sentry, Probe x2 (Chrono Boost)  
  58  6:38  Sentry  
  68  6:40  Stalker  
  68  6:42  Probe (Chrono Boost)  
  61  7:04  Stalker x3  
  61  7:05  Stalker x3  
  49  7:30  Stalker x2  
  49  7:31  Stalker x2  
  49  7:32  Stalker x2  
Show
View Real Time Build Order
Export as new Build Order

DarkDevilX Protoss - Winner!

Build Orders: 1 Gate Expand 

Get SALT Encoding   

  12  0:01  Probe (Chrono Boost)  
  13  0:12  Probe (Chrono Boost)  
  14  0:19  Pylon  
  14  0:24  Probe (Chrono Boost)  
  15  0:37  Probe (Chrono Boost)  
  15  0:42  Gateway  
  16  0:48  Probe (Chrono Boost)  
  17  0:58  Probe (Chrono Boost)  
  18  1:09  Probe (Chrono Boost)  
  19  1:19  Probe (Chrono Boost)  
  19  1:24  Unknown, Nexus  
  20  1:35  Assimilator  
  20  1:37  Assimilator  
  20  1:46  Probe (Chrono Boost)  
  21  2:05  Probe (Chrono Boost)  
  22  2:10  Cybernetics Core  
  22  2:18  Pylon  
  23  2:23  Probe (Chrono Boost)  
  23  2:35  Unknown, Gateway  
  23  2:40  Pylon, Probe x2 (Chrono Boost)  
  27  2:52  Mothership Core (Chrono Boost)  
  27  2:53  Warp Gate  
  27  2:54  Stalker  
  27  2:57  Probe (Chrono Boost)  
  30  3:08  Probe (Chrono Boost)  
  30  3:10  Probe (Chrono Boost)  
  32  3:19  Probe (Chrono Boost)  
  33  3:22  Stalker  
  33  3:24  Stalker  
  37  3:38  Twilight Council  
  37  3:41  Probe x2 (Chrono Boost)  
  37  3:43  Pylon  
  37  3:46  Pylon  
  39  3:58  Probe x2 (Chrono Boost)  
  39  4:01  Gateway  
  41  4:08  Probe x2 (Chrono Boost)  
  43  4:12  Robotics Facility  
  43  4:15  Blink  
  43  4:19  Probe (Chrono Boost)  
  43  4:20  Probe (Chrono Boost)  
  45  4:29  Probe (Chrono Boost)  
  47  4:32  Probe (Chrono Boost)  
  47  4:35  Pylon  
  47  4:44  Pylon, Probe (Chrono Boost)  
  49  4:46  Probe (Chrono Boost)  
  49  4:50  Assimilator  
  49  4:52  Assimilator  
  49  4:55  Pylon  
  49  5:04  Gateway x2  
  49  5:05  Observer, Pylon  
  49  5:12  Probe (Chrono Boost)  
  49  5:13  Probe (Chrono Boost)  
  52  5:19  Stalker x3  
  58  5:22  Probe (Chrono Boost)  
  58  5:25  Probe (Chrono Boost)  
  58  5:27  Observer  
  61  5:51  Warp Prism  
  61  5:53  Stalker x2  
  61  5:54  Stalker  
  69  6:00  Unknown, Nexus  
  69  6:03  Pylon  
  69  6:08  Pylon, Stalker x2  
  73  6:21  Resonating Glaives  
  73  6:23  Immortal  
  73  6:26  Dark Shrine  
  73  6:55  Stalker x5  
  81  7:07  Probe (Chrono Boost)  
  83  7:08  Probe (Chrono Boost)  
  83  7:11  Unknown  
  83  7:17  Probe (Chrono Boost)  
  83  7:19  Stalker  
  83  7:20  Stalker x4, Probe (Chrono Boost)  
  91  7:25  Immortal  
  87  7:31  Probe x2 (Chrono Boost)  
  87  7:33  Probe (Chrono Boost)  
  94  7:42  Probe (Chrono Boost)  
  94  7:45  Probe (Chrono Boost)  
  94  7:47  Stalker  
  94  7:48  Stalker x4  
Tags
 
Add a new tag
Caveats
  • Supply blocks, unpowered buildings, or Contaminate may cause inaccurate times.
  • Supply counts are checked every 10 seconds.